AoeStats
← Yo_N3m3sis

Arena

510943186Analyzed
2v2 RM · 4h ago on Oct 3, 2026· 35m 44s· 4 players
Game mode
Random Map
Map size
Medium (4 player)
Population
200
Speed
Normal
Resources
Standard
Victory
Conquest
Starting age
Dark Age
Ending age
Imperial Age
RankedLock teamsTeams togetherTeam positionsShared explorationLock speedFull tech treeHidden civsTurbo modeCheats
Victory
Defeat
🇦🇺 Khmer · Australia
1437
+12
🇻🇳 Japanese · Vietnam
1405
+14
🇮🇳 Bohemians · India
1365
-13
🇮🇳 Poles · India
1351
-13
bina
10:49 Feudal Age
14:59 Castle Age
13:35 Double-Bit Axe
13:42 Horse Collar
16:16 Bow Saw
17:32 Sanctity
19:00 Gold Mining
19:02 Stone Mining
20:27 Loom
22:11 Loom
22:19 Fletching
22:54 Heavy Plow
28:33 Imperial Age
26:18 Fletching
27:13 Wheelbarrow
26:35 Guard Tower
26:59 Bodkin Arrow
27:15 Squires
27:04 Arson
27:16 Crossbowman
28:13 Yasama
28:03 Pikeman
29:32 Gambesons
30:39 Gold Shaft Mining
30:23 Bracer
30:24 Padded Archer Armor
30:33 Arrowslits
31:56 Ballistics
31:53 Arbalester
33:18 Thumb Ring
33:30 Leather Archer Armor
33:16 Scale Mail Armor
33:27 Forging
34:45 Keep
33:59 Elite Skirmisher
35:30 Ring Archer Armor
35:16 Chain Mail Armor
36:11 Chemistry
35:18 Halberdier
AutoEveryThing
10:52 Feudal Age
13:37 Castle Age
11:31 Horse Collar
11:54 Double-Bit Axe
14:37 Bow Saw
20:58 Heavy Plow
21:16 Gold Mining
24:35 Bloodlines
24:26 Husbandry
27:34 Imperial Age
25:59 Wheelbarrow
25:29 Loom
25:53 Scale Barding Armor
27:05 Forging
27:40 Chain Barding Armor
28:06 Elite Battle Elephant
29:41 Plate Barding Armor
29:44 Gold Shaft Mining
31:04 Iron Casting
30:56 Fletching
31:34 Town Watch
33:27 Ballistics
34:08 Blast Furnace
33:17 Tusk Swords
34:33 Fletching
34:27 Heavy Scorpion
35:49 Stone Mining
Alexander
10:53 Feudal Age
14:50 Castle Age
12:56 Horse Collar
14:51 Double-Bit Axe
20:49 Light Cavalry
21:40 Bloodlines
23:11 Wheelbarrow
22:56 Bow Saw
22:53 Heavy Plow
24:32 Hand Cart
24:11 Gold Mining
26:35 Stone Mining
29:45 Imperial Age
27:18 Husbandry
29:53 Stone Shaft Mining
30:17 Winged Hussar
33:32 Lechitic Legacy
33:33 Conscription
33:50 Hoardings
33:45 Scale Barding Armor
Yo_N3m3sis
7:22 Loom
10:53 Feudal Age
15:08 Castle Age
18:11 Wheelbarrow
17:56 Fervor
20:22 Sanctity
22:14 Double-Bit Axe
22:16 Horse Collar
23:16 Bow Saw
23:23 Heavy Plow
24:51 Hand Cart
29:00 Imperial Age
26:17 Loom
27:25 Ballistics
28:07 Chemistry
27:47 Town Watch
28:08 Padded Archer Armor
28:18 Pikeman
28:58 Squires
29:00 Scale Mail Armor
29:10 Forging
29:16 Leather Archer Armor
Connection lost

Rejoining the realm…

Still unreachable

The connection could not be restored.

Session expired

The server has moved on; the page needs a fresh start.